 Dungeon Crawl Stone Soup version 0.31-a0-75-g6fe912e8c5 (webtiles) character file.

Game seed: 2288639886576410262

65 Esekla the Sneak (level 4, 0/31 HPs)
             Began as an Octopode Delver on May 23, 2023.
             Slain by an ice beast (5 damage)
             ... on level 6 of the Dungeon.
             The game lasted 00:08:04 (887 turns).

Esekla the Sneak (Octopode Delver)                   Turns: 887, Time: 00:08:04

Health: 0/31       AC:  1    Str: 11    XL:     4   Next: 14%
Magic:  5/5        EV: 13    Int: 14    God:
Gold:   6          SH:  0    Dex: 13    Spells: 5/5 levels left

rFire   . . .        a - +0 falchion
rCold   . . .        (no shield)
rNeg    . . .        (helmet restricted)
rPois   .            (no amulet)
rElec   .            (no ring)
rCorr   .            (no ring)
SInv    .            (no ring)
Will    .....        (no ring)
Stlth   +++++        (no ring)
HPRegen 0.25/turn    (no ring)
MPRegen 0.09/turn    (no ring)
                     (no ring)

%: no passive effects
@: no status effects
A: almost no armour, amphibious, 8 rings, camouflage 1, gelatinous body 1,
(nimble swimmer 1), tentacles
a: no special abilities


You were on level 6 of the Dungeon.
You visited 2 branches of the dungeon, and saw 3 of its levels.

You collected 6 gold pieces.

Inventory:

Hand Weapons
 a - a +0 falchion (weapon)
Wands
 e - a wand of roots (3)
 f - a wand of digging (3)
Scrolls
 b - a scroll of fog
 c - a scroll of amnesia


   Skills:
 * Level 3.3 Fighting
 * Level 2.3 Long Blades
 * Level 2.3 Dodging
 + Level 7.5 Stealth
 * Level 1.0 Spellcasting


You had 5 spell levels left.
You didn't know any spells.
Your spell library was empty.

Dungeon Overview and Level Annotations

Branches:
Dungeon (6/15)             Temple (1/1) D:6

Altars:
Ashenzari
Cheibriados
Dithmenos
Fedhas
Gozag
Hepliaklqana
Kikubaaqudgha
Makhleb
Okawaru
Qazlal
Ru
Sif Muna
Trog
Uskayaw
Vehumet
Wu Jian
Xom
Yredelemnul

Shops:
D:5 =

Annotations:
D:5 Menkaure


Innate Abilities, Weirdness & Mutations

You cannot wear most types of armour.
You are amphibious.
You can wear up to eight rings at the same time.
Your skin changes colour to match your surroundings (Stealth+).
Your rubbery body absorbs attacks. (AC +1, EV +1)
((You are camouflaged when in or above water. (Stealth+)))
You have tentacles for arms and can constrict up to eight enemies at once.


Message History

You start resting.
HP restored.
Unknown command.
A black bear comes into view.
There is a stone staircase leading up here.
There is a stone staircase leading up here.
You climb upwards.
Found a stone staircase leading up.
There is a stone staircase leading down here.
You climb downwards.
There is a stone staircase leading up here.
The ice beast attacks as you move away! The ice beast barely misses you.
Okay, then.
The ice beast attacks as you move away! The ice beast hits you.
The ice beast freezes you!
As you read the scroll labelled MARAUG DUAMUDO, it crumbles to dust.
It is a scroll of identify.
c - a scroll of amnesia The ice beast hits you.
The ice beast freezes you!
* * * LOW HITPOINT WARNING * * *
Okay, then.
You aren't carrying any potions.
Okay, then.
You hit the ice beast.
The ice beast is lightly wounded.
The ice beast closely misses you.
You barely miss the ice beast.
The ice beast is lightly wounded.
The ice beast misses you.
You hit the ice beast but do no damage.
The ice beast is lightly wounded.
The ice beast closely misses you.
You closely miss the ice beast.
You squeeze the ice beast, but do no damage.
The ice beast is lightly wounded.
The ice beast misses you.
You closely miss the ice beast.
The ice beast is lightly wounded.
The ice beast hits you.
You die...

....####.......<.##
.....###..#.......####
..#..................###
###...#................########
.....##.......................#
....# #...................###.#
....# ##......................#
....###>.............8.8.8....#
.##..###.......Y@.............#
.....####...<.####.8...8.8....#
.....#.##......#>.............#
(..............<.....8.8.....##
#.......#......##............#
...#...##....S###..8.8.8...8.#
#.##..###....................#
..#...# #........#.....8.8.8.#
.....###........##...........#


You could see an ice beast.

Vanquished Creatures
  A hound (D:5)
  An iguana (D:6)
  An adder (D:5)
  An orc (D:5)
4 creatures vanquished.

Notes
Turn   | Place    | Note
-------+----------+-------------------------------------------
     0 | D:5      | Esekla the Octopode Delver began the quest for the Orb.
     0 | D:5      | Reached XP level 1. HP: 16/16 MP: 1/1
     9 | D:5      | Noticed a hound
    23 | D:5      | Noticed a water moccasin
    56 | D:5      | Killed a hound
    57 | D:5      | Reached skill level 7 in Stealth
    57 | D:5      | Reached XP level 2. HP: 11/21 MP: 1/3
    57 | D:5      | Reached XP level 3. HP: 14/26 MP: 1/4
    62 | D:5      | Found Nurroisu's Jewellery Shop.
   121 | D:5      | Noticed a scorpion
   246 | D:6      | Found a staircase to the Ecumenical Temple.
   261 | D:6      | Noticed an ice beast
   266 | Temple   | Entered the Ecumenical Temple
   541 | D:6      | Noticed a phantom
   550 | D:6      | Noticed a scorpion
   609 | D:6      | Noticed a sky beast
   717 | D:6      | HP: 1/26 [iguana (14)]
   720 | D:6      | Reached skill level 1 in Spellcasting
   720 | D:6      | Reached XP level 4. HP: 2/31 MP: 5/5
   851 | D:6      | Noticed a black bear
   874 | D:5      | Noticed Menkaure
   887 | D:6      | Slain by an ice beast

Illustrated notes

Levels and vault maps discovered:
D:5:      layout_loops_cross, serial_shops, nicolae_shop_hallway_plus,
          minmay_manual_maat, uniq_menkaure
D:6:      layout_cave_pools, minmay_temple_entry_sparse_star,
          serial_column_ruins, column_ruins_grid_5, column_ruins_grid_1,
          column_ruins_columns_dead_end, column_ruins_grid_4,
          column_ruins_open_large, column_ruins_open_small, uniq_maggie,
          uniq_blork_the_orc
Temple:   dpeg_three_leaves_temple

Skill      XL: |  1  2  3 |
---------------+----------+-----
Stealth        | 7 |  7.5
Spellcasting   | 1 |  1.0
Fighting       | |  3.3
Long Blades    | |  2.3
Dodging        | |  2.3

Action                     |  1- 3 |  4- 6 || total
---------------------------+-------+-------++-------
  Melee: Falchion          |    18 |     5 ||    23
         Tentacles         |     5 |     1 ||     6
         Constrict         |     4 |       ||     4
    Use: Scroll            |     2 |     1 ||     3
         Potion            |     1 |       ||     1
   Stab: Sleeping          |     3 |       ||     3
  Dodge: Dodged            |    16 |     5 ||    21

Table legend: (Time is in decaauts)
 A = Elapsed time spent in this place.
 B = Non-inter-level travel time spent in this place.
 C = Inter-level travel time spent in this place.
 D = Time resting spent in this place.
 E = Time spent auto-exploring this place.
 F = Levels seen in this place.
 G = Mean time per level.
                   A        B        C        D        E       F      G
               +--------+--------+--------+--------+--------+-----+--------+
         Total |    880 |    870 |     10 |    346 |      1 |   3 |  293.3 |
       Dungeon |    618 |    617 |      1 |    146 |      0 |   2 |  309.0 |
        Temple |    262 |    253 |      9 |    200 |      1 |   1 |  262.0 |
               +--------+--------+--------+--------+--------+-----+--------+

Top non-repeatable levels by time:
     D:6: 413 daAuts
  Temple: 262 daAuts
     D:5: 204 daAuts
